 Dungeon Crawl Stone Soup version 0.17.1-1-g73c8601 (webtiles) character file.

399 Mysteryquy the Magician (level 6, -2/45 HPs)
             Began as a Draconian Fire Elementalist on Jan 5, 2016.
             Killed from afar by Blork the orc (11 damage)
             ... with a wand of frost
             ... on level 4 of the Dungeon.
             The game lasted 00:07:08 (4984 turns).

Mysteryquy the Magician (DrFE)                      Turns: 4984, Time: 00:07:08

Health: -2/45      AC:  6    Str: 10    XL:     6   Next: 53%
Magic:  0/12       EV: 12    Int: 17    God:
Gold:   171        SH:  0    Dex: 12    Spells: 2 memorised, 10 levels left

rFire  . . .     SeeInvis .     (no weapon)
rCold  . . .     Clarity  .     (armour unavailable)
rNeg   . . .     SustAt   .     (no shield)
rPois  .         Gourm    .     (helmet restricted)
rElec  .         Spirit   .     (no cloak)
rCorr  .         Warding  .     (no gloves)
rMut   .         Stasis   .     (no boots)
MR     .....                    (no amulet)
Stlth  ++........               (no ring)
                                (no ring)

@: not resistant to hostile enchantments, unstealthy
A: unfitting armour, cold-blooded, AC +6
a: no special abilities


You were on level 4 of the Dungeon.
You were very hungry.

You visited 1 branch of the dungeon, and saw 4 of its levels.

You collected 171 gold pieces.

Inventory:

Jewellery
 q - a cursed ring of teleportation {unknown}
Wands
 p - a wand of random effects (35)
 v - a wand of draining (5)
Scrolls
 c - 2 scrolls of blinking {unknown}
 e - 5 scrolls of identify {unknown}
 f - 2 scrolls of fog {unknown}
 i - 2 scrolls of recharging {unknown}
 j - 2 scrolls of random uselessness {unknown}
 k - 2 scrolls of noise {unknown}
 m - 2 scrolls of magic mapping {unknown}
 n - 3 scrolls of remove curse {unknown}
 r - a scroll of immolation {unknown}
 s - 2 scrolls of enchant armour {unknown}
 t - a scroll of teleportation {unknown}
 u - a scroll of fear {unknown}
 x - a scroll of enchant weapon {unknown}
Potions
 d - 3 potions of mutation {unknown}
 g - a potion of curing {unknown}
 o - 4 potions of poison {unknown}
Books
 a - a book of Flames

   Spells                             Type                      Level
   a - Flame Tongue                   Conjuration/Fire             1
   b - Throw Flame                    Conjuration/Fire             2
   c - Conjure Flame                  Conjuration/Fire             3
   d - Inner Flame                    Hexes/Fire                   3
   e - Sticky Flame                   Conjuration/Fire             4
   f - Fireball                       Conjuration/Fire             5
 y - a Grand Grimoire

   Spells                             Type                      Level
   a - Monstrous Menagerie            Summoning                    6
   b - Summon Greater Demon           Summoning                    7
   c - Malign Gateway                 Summoning/Translocation      7
   d - Summon Horrible Things         Summoning                    8
Comestibles
 b - 3 bread rations
 h - a royal jelly
 l - a slice of pizza
 w - a meat ration


   Skills:
 - Level 1.7 Dodging
 - Level 1.7 Stealth
 * Level 4.5 Spellcasting
 + Level 3.7 Conjurations
 + Level 4.5 Fire Magic


You had 10 spell levels left.
You knew the following spells:

 Your Spells              Type           Power        Failure   Level  Hunger
a - Flame Tongue          Conj/Fire      ###..        2%          1    None
b - Conjure Flame         Conj/Fire      ###.....     10%         3    ###....


Dungeon Overview and Level Annotations

Branches:
Dungeon (4/15)
 Temple: D:4-7

Altars:
Ru

Annotations:
D:2 Sigmund
D:4 Blork the orc


Innate Abilities, Weirdness & Mutations

Your plain brown scales are hard (AC +6).
Your body does not fit into most forms of armour.
You are cold-blooded and may be slowed by cold attacks.


Message History

Press: ? - help, Shift-Dir - straight line, f/p - Blork the orc
Aim: Blork the orc, wielding a halberd of protection, wearing a runed robe and carrying a wand of frost {zapped: 4} (moderately wounded, fast)
The flame tongue hits Blork the orc.
Blork the orc appears unharmed.
Blork the orc is moderately wounded.
Blork the orc zaps a wand.
The puff of frost hits you! Blork the orc barely misses you.
Blork the orc is nearby!
Casting: Flame Tongue
Confirm with . or Enter, or press ? or * to list all spells.
You don't have enough magic to cast that spell.
Casting: Flame Tongue
Confirm with . or Enter, or press ? or * to list all spells.
You don't have enough magic to cast that spell.
Casting: Flame Tongue
Confirm with . or Enter, or press ? or * to list all spells.
You don't have enough magic to cast that spell.
Blork the orc zaps a wand.
The puff of frost hits you!
* * * LOW HITPOINT WARNING * * *
Blork the orc zaps a wand.
The puff of frost hits you!
You die...

.#...............#
###......###.#.#.#
#......# #.#.#.#
#......# #.#.#.#
#......# #.#.#.#
#......# #.#.#.#
#......# #.#.#.#
#......# #.#.#.#
##.##### #.#.#@#
#.#######.#.#.#
#.........# #.#
########### #.#
#o# #.# #...#
....### #..##


You could see Blork the orc.

Vanquished Creatures
  A phantom (D:4)
  An orc wizard (D:3)
  A hound (D:4)
  Ijyb (D:2)
  Terence (D:2)
  Natasha (thrice) (D:2)
  A giant frog skeleton (D:4)
  2 adders
  An ooze (D:3)
  4 worms
  An adder skeleton (D:3)
  4 giant geckos
  11 orcs
  4 giant cockroaches
  7 goblins
  7 hobgoblins
  9 jackals
  3 quokkas
  2 ball pythons
  12 bats
  4 giant newts
  5 kobolds
  6 rats
91 creatures vanquished.

Notes
Turn   | Place    | Note
--------------------------------------------------------------
     0 | D:1      | Mysteryquy the Draconian Fire Elementalist began the quest for the Orb.
     0 | D:1      | Reached XP level 1. HP: 14/14 MP: 3/3
     0 | D:1      | Noticed a troll
     0 | D:1      | Noticed a spriggan zombie
     1 | D:1      | Noticed a human skeleton
     5 | D:1      | Noticed an elf zombie
     7 | D:1      | Noticed a naga
    10 | D:1      | Noticed a gargoyle
    12 | D:1      | Noticed a formicid zombie
    14 | D:1      | Noticed a human skeleton
    16 | D:1      | Noticed a draconian zombie
    18 | D:1      | Noticed a merfolk zombie
    56 | D:1      | Noticed a merfolk skeleton
   331 | D:1      | Reached XP level 2. HP: 20/20 MP: 0/5
   960 | D:1      | Reached XP level 3. HP: 26/26 MP: 2/6
  1284 | D:2      | Found a sacrificial altar of Ru.
  1390 | D:2      | Noticed Natasha
  1396 | D:2      | Killed Natasha
  1446 | D:2      | Noticed Terence
  1453 | D:2      | Killed Terence
  1453 | D:2      | Reached XP level 4. HP: 21/33 MP: 0/8
  1533 | D:2      | Noticed Natasha
  1558 | D:2      | Killed Natasha
  1790 | D:2      | Noticed Natasha
  1795 | D:2      | Killed Natasha
  2294 | D:2      | Noticed Ijyb
  2303 | D:2      | Killed Ijyb
  2303 | D:2      | Reached XP level 5. HP: 32/38 MP: 1/10
  2396 | D:2      | Noticed Sigmund
  2695 | D:3      | Learned a level 3 spell: Conjure Flame
  3121 | D:3      | Reached skill level 4 in Fire Magic
  4165 | D:4      | Reached XP level 6. HP: 42/45 MP: 8/12
  4967 | D:4      | Noticed Blork the orc
  4984 | D:4      | Killed from afar by Blork the orc

Action                   |  1- 3 |  4- 6 || total
-------------------------+-------+-------++-------
Melee: Unarmed           |    45 |    25 ||    70
 Cast: Flame Tongue      |    55 |   167 ||   222
       Conjure Flame     |       |     2 ||     2
  Eat: Chunk             |     2 |    10 ||    12
